 Dungeon Crawl Stone Soup version 0.23.0 (webtiles) character file.

Game seed: 5335379448220486826

1314 Borgoz the Skirmisher (level 8, -9/51 HPs)
             Began as a Gargoyle Gladiator on Feb 9, 2019.
             Was an Initiate of Ashenzari.
             Mangled by an ice beast (12 damage)
             ... on level 6 of the Dungeon.
             The game lasted 00:10:24 (5247 turns).

Borgoz the Skirmisher (Gargoyle Gladiator)          Turns: 5247, Time: 00:10:25

Health: -9/51      AC: 11    Str: 18    XL:     8   Next: 58%
Magic:  8/8        EV: 20    Int:  9    God:    Ashenzari [......]
Gold:   290        SH:  0    Dex: 18    Spells: 7/7 levels left

rFire    . . .     SeeInvis .   a - +1 war axe
rCold    . . .     Gourm    .   (no shield)
rNeg     + . .     Faith    .   b - +1 leather armour
rPois    ∞         Spirit   .   c - +0 helmet
rElec    +         Reflect  .   (no cloak)
rCorr    .         Harm     .   (no gloves)
MR       .....                  (no boots)
Stlth    ++........             n - amulet of the acrobat
HPRegen  0.17/turn              (no ring)
MPRegen  0.11/turn              (no ring)

@: agile
A: negative energy resistance 1, electricity resistance, unbreathing,
petrification resistance, rot immunity, AC +5
a: Curse Item, Renounce Religion


You were on level 6 of the Dungeon.
You worshipped Ashenzari.
Ashenzari was noncommittal.
You were not hungry.

You visited 2 branches of the dungeon, and saw 8 of its levels.

You collected 290 gold pieces.

Inventory:

Hand Weapons
 a - a +1 war axe (weapon)
Missiles
 d - 2 throwing nets (quivered)
 m - 26 poisoned needles
Armour
 b - a +1 leather armour (worn)
 c - a +0 helmet (worn)
Jewellery
 n - an amulet of the acrobat (around neck)
Scrolls
 g - 3 scrolls of remove curse
 i - a scroll of enchant armour
 j - a scroll of blinking
 o - 2 scrolls of enchant weapon
 p - a scroll of teleportation
 u - a scroll of random uselessness {unknown}
 w - a scroll of fear {unknown}
Potions
 e - 2 potions of mutation
 l - 4 potions of curing
 r - a potion of cancellation
 t - a potion of lignification
Comestibles
 f - 11 rations
 h - 3 chunks of flesh


   Skills:
 + Level 5.9 Fighting
 + Level 5.3 Axes
 - Level 1.7 Throwing
 + Level 5.4 Armour
 + Level 4.8 Dodging


You had 7 spell levels left.
You didn't know any spells.
Your spell library contained the following spells:

 Spells                   Type           Power        Failure   Level  Hunger
 Freeze                   Ice            #...         43%         1    ##.....
 Throw Frost              Conj/Ice       #.....       56%         2    ###....
 Ozocubu's Armour         Chrm/Ice       #.......     80%         3    ####...
 Summon Ice Beast         Ice/Summ       #.......     99%         4    #####..
 Throw Icicle             Conj/Ice       #.......     99%         4    #####..


Dungeon Overview and Level Annotations

Branches:
Dungeon (7/15)             Temple (1/1) D:4

Altars:
Ashenzari
Cheibriados
Dithmenos
Fedhas
Gozag
Hepliaklqana
Kikubaaqudgha
Nemelex Xobeh
Okawaru
Vehumet
Wu Jian
Zin
The Shining One

Shops:
D:6 :


Innate Abilities, Weirdness & Mutations

You are resistant to torment.
Your stone body is resilient. (AC +5)
You are immune to poison.
You resist negative energy. (rN+)
You are resistant to electric shocks. (rElec)
You can survive without breathing.
You are immune to petrification.
You are immune to rotting.


Message History

The orc wizard blinks!
The orc wizard looks encouraged for a moment.
The orc priest looks satisfied for a moment.
The orc wizard looks encouraged for a moment.
The orc priest calls down the wrath of Beogh upon you.
Beogh smites you!
* * * LOW HITPOINT WARNING * * *
The orc wizard points at you and mumbles some strange words.
You resist with some effort. The orc warrior completely misses you.
The orc wizard gestures wildly while chanting.
The orc wizard seems to speed up.
The orc shouts!
You hear a shout!
The orc wizard is no longer moving quickly.
The orc wizard miscasts a cantrip.
The orc completely misses you.
You barely miss the orc. You hit the ice beast. The ice beast hits you.
* * * LOW HITPOINT WARNING * * *
The ice beast freezes you!
You die...

# .. ...########## ......#.....#
...##.#.#.###### .............o.#
#########
####.###..g.gg.####......<###
....).#.....oooY@o..........#
#...g.#......o.####.#######.#
#.###(#(....).............#.# #)#
#(......)÷..###.#####.#.# #.#
###(........#.........#.#
#.##............#.#.#######.#####
#.##.###........#...#######....#.
..........)................>##.#.
#....####.###.#.###########.##...


You could see 2 orc warriors, an ice beast, an orc priest, 2 orc wizards, 3
gnolls and an orc.

Vanquished Creatures
  Sigmund (D:2)
  An ogre (D:6)
  A centaur (D:5)
  A gnoll sergeant (D:6)
  2 bullfrogs (D:6)
  A scorpion (D:4)
  2 howler monkeys
  4 crimson imps
  A bullfrog zombie (D:5)
  A centaur skeleton (D:5)
  A hound (D:5)
  2 orc wizards (D:5)
  2 iguanas
  4 worker ants
  A hound skeleton (D:4)
  4 gnolls (D:3)
  A worker ant zombie (D:5)
  5 adders
  2 adder skeletons
  4 worms
  3 dart slugs
  3 leopard geckos
  9 orcs
  8 giant cockroaches
  8 goblins
  8 hobgoblins
  17 jackals
  4 quokkas
  4 ball pythons
  8 bats
  9 frilled lizards
  A giant cockroach zombie (D:6)
  8 kobolds
  A leopard gecko skeleton (D:5)
  7 rats
139 creatures vanquished.

Vanquished Creatures (others)
  7 fungi (D:5)
7 creatures vanquished.

Grand Total: 146 creatures vanquished

Notes
Turn   | Place    | Note
-------+----------+-------------------------------------------
     0 | D:1      | Borgoz the Gargoyle Gladiator began the quest for the Orb.
     0 | D:1      | Reached XP level 1. HP: 12/12 MP: 1/1
   114 | D:1      | Reached XP level 2. HP: 13/18 MP: 2/2
   226 | D:1      | Reached skill level 1 in Armour
   502 | D:1      | Reached XP level 3. HP: 22/22 MP: 3/3
  1063 | D:2      | Found an iron altar of Okawaru.
  1072 | D:2      | Reached XP level 4. HP: 27/27 MP: 4/4
  1588 | D:2      | Noticed Sigmund
  1642 | D:2      | Killed Sigmund
  1642 | D:2      | Reached XP level 5. HP: 24/33 MP: 5/5
  1642 | D:2      | Reached XP level 6. HP: 27/38 MP: 6/6
  2817 | D:4      | Found a staircase to the Ecumenical Temple.
  2846 | D:4      | Reached XP level 7. HP: 25/44 MP: 7/7
  2873 | Temple   | Entered the Ecumenical Temple
  3088 | Temple   | Became a worshipper of Ashenzari the Shackled
  3663 | D:5      | Entered Level 5 of the Dungeon
  3668 | D:5      | Found an ancient bone altar of Kikubaaqudgha.
  3919 | D:5      | Reached skill level 5 in Fighting
  3927 | D:5      | Reached XP level 8. HP: 15/49 MP: 8/8
  4413 | D:6      | Reached skill level 5 in Axes
  4597 | D:6      | Reached skill level 5 in Armour
  4639 | D:5      | Found a shadowy altar of Dithmenos.
  4639 | D:5      | Found a hazy altar of Hepliaklqana.
  4917 | D:6      | Found Gipuadd's Book Shoppe.
  5247 | D:6      | Mangled by an ice beast

Skill      XL: |  1  2  3  4  5  6  7  8 |
---------------+-------------------------+-----
Armour         | 1 2 3 4 5 |  5.4
Axes           | 3 4 5 |  5.3
Fighting       | 3 4 5 |  5.9
Dodging        | 3 4 |  4.8
Throwing       | |  1.7

Action                   |  1- 3 |  4- 6 |  7- 9 || total
-------------------------+-------+-------+-------++-------
Melee: War axe           |   120 |   194 |   211 ||   525
Throw: Throwing net      |       |       |     3 ||     3
  Use: Potion            |       |     5 |     5 ||    10
       Scroll            |       |       |     9 ||     9
 Stab: Sleeping          |       |     1 |       ||     1
  Eat: Chunk             |       |     7 |     8 ||    15
Armor: Leather armour    |    60 |   117 |   134 ||   311
       Skin              |       |    11 |       ||    11
Dodge: Dodged            |    98 |   167 |   257 ||   522
